 Dungeon Crawl Stone Soup version 0.28.0 (webtiles) character file.

Game seed: 17360117180290215584

25 hikkokomori the Digger (level 3, -6/19 HPs)
             Began as a Gargoyle Earth Elementalist on Feb 18, 2022.
             Mangled by Terence (9 damage)
             ... on level 2 of the Dungeon.
             The game lasted 00:02:01 (1037 turns).

hikkokomori the Digger (GrEE)                       Turns: 1037, Time: 00:02:02

Health: -6/19      AC:  9    Str: 11    XL:     3   Next: 6%
Magic:  1/6        EV: 11    Int: 17    God:
Gold:   38         SH:  0    Dex: 10    Spells: 5/6 levels left

rFire   . . .      SeeInvis .   e - +0 club
rCold   . . .      Faith    .   (no shield)
rNeg    + . .      Spirit   .   d - +3 leather armour
rPois   ∞          Reflect  .   (no helmet)
rElec   +          Harm     .   f - scarf {repulsion}
rCorr   .          Rampage  .   (no gloves)
Will    .....                   (no boots)
Stlth   ++........              (no amulet)
HPRegen 0.06/turn               (no ring)
MPRegen 0.10/turn               (no ring)

@: very slightly contaminated, repel missiles
A: sickness immunity, AC +3, negative energy resistance 1, electricity
resistance, torment resistance 1, petrification resistance
a: no special abilities


You were on level 2 of the Dungeon.
You visited 1 branch of the dungeon, and saw 2 of its levels.

You collected 38 gold pieces.

Inventory:

Hand Weapons
 e - a +0 club (weapon)
Missiles
 c - 71 stones
Armour
 b - a +0 robe
 d - a +3 leather armour (worn)
 f - a scarf of repulsion (worn)
Scrolls
 a - a scroll of amnesia {unknown}
 h - a scroll of blinking {unknown}
 j - a scroll of identify {unknown}
Potions
 g - a potion of heal wounds {unknown}
 i - 2 potions of mutation {unknown}


   Skills:
 + Level 1.0 Armour
 - Level 1.5 Dodging
 + Level 2.7 Stealth
 - Level 2.0 Spellcasting
 + Level 1.3 Transmutations
 + Level 4.1 Earth Magic


You had 5 spell levels left.
You knew the following spells:

 Your Spells              Type           Power      Damage    Failure   Level
a - Sandblast             Erth           30%        2d9       4%          1

Your spell library contained the following spells:

 Spells                   Type           Power      Damage    Failure   Level
 Passwall                 Tmut/Erth      8%         N/A       13%         2
 Foxfire                  Conj/Fire      4%         2x1d4     26%         1
 Stone Arrow              Conj/Erth      16%        3d8       32%         3
 Petrify                  Tmut/Erth      10%        N/A       63%         4


Dungeon Overview and Level Annotations

Branches:
Dungeon (2/15)

Altars:

Annotations:
D:2 Terence


Innate Abilities, Weirdness & Mutations

You are immune to sickness and miasma.
Your stone body is resilient. (AC +3)
You are immune to poison.
You resist negative energy. (rN+)
You are resistant to electric shocks. (rElec)
You are resistant to unholy torment.
You are immune to petrification.


Message History

Aiming: Sandblast (safe; 4% risk of failure)
Press: ? - help, Shift-Dir - straight line, f - Terence
Aim: Terence, wielding the +7 Throatcutter {drain, coup de grace} and wearing a +0 scale mail (82% to hit)
The blast of sand hits Terence but does no damage.
Casting: Sandblast (safe; 4% risk of failure)
Confirm with . or Enter, or press ? or * to list all spells.
Aiming: Sandblast (safe; 4% risk of failure)
Press: ? - help, Shift-Dir - straight line, f/p - Terence
Aim: Terence, wielding the +7 Throatcutter {drain, coup de grace} and wearing a +0 scale mail (82% to hit)
The blast of sand misses Terence.
Terence hits you but does no damage.
Unknown command.
Casting: Sandblast (safe; 4% risk of failure)
Confirm with . or Enter, or press ? or * to list all spells.
Aiming: Sandblast (safe; 4% risk of failure)
Press: ? - help, Shift-Dir - straight line, f/p - Terence
Aim: Terence, wielding the +7 Throatcutter {drain, coup de grace} and wearing a +0 scale mail (82% to hit)
You miscast Sandblast.
You are very lightly contaminated with residual magic.
Nothing appears to happen.
Terence shouts, "DIE!!!"
Terence closely misses you.
Casting: Sandblast (safe; 4% risk of failure)
Confirm with . or Enter, or press ? or * to list all spells.
Aiming: Sandblast (safe; 4% risk of failure)
Press: ? - help, Shift-Dir - straight line, f/p - Terence
Aim: Terence, wielding the +7 Throatcutter {drain, coup de grace} and wearing a +0 scale mail (82% to hit)
The blast of sand hits Terence.
Terence is lightly wounded.
Terence hits you with the +7 Throatcutter {drain, coup de grace}!
Casting: Sandblast (safe; 4% risk of failure)
Confirm with . or Enter, or press ? or * to list all spells.
Aiming: Sandblast (safe; 4% risk of failure)
Press: ? - help, Shift-Dir - straight line, f/p - Terence
Aim: Terence, wielding the +7 Throatcutter {drain, coup de grace} and wearing a +0 scale mail (lightly wounded, 82% to hit)
The blast of sand hits Terence but does no damage.
Terence is lightly wounded.
Terence hits you with the +7 Throatcutter {drain, coup de grace}!
* * * LOW HITPOINT WARNING * * *
Terence hits you with the +7 Throatcutter {drain, coup de grace}!
You die...

### ######## #..
......# #.#######...#
#.......(...#
########..######.#.#
#...@@...........#.#
#.######..########.#
#..................#
##############)..#.###
..................
#####...###>..#.###
...................
########...###########
...........#


You could see Terence.

Vanquished Creatures
  An adder (D:2)
  An endoplasm (D:1)
  A giant cockroach (D:1)
  A goblin (D:1)
  A hobgoblin (D:1)
  2 ball pythons (D:1)
  A bat (D:2)
  3 frilled lizards (D:1)
  5 kobolds
  A rat (D:1)
17 creatures vanquished.

Notes
Turn   | Place    | Note
-------+----------+-------------------------------------------
     0 | D:1      | hikkokomori the Gargoyle Earth Elementalist began the quest
                  | for the Orb.
     0 | D:1      | Reached XP level 1. HP: 10/10 MP: 3/3
   108 | D:1      | Found a faded altar of an unknown god.
   116 | D:1      | Got Plato's Incunabulum of Confrontation
   158 | D:1      | Reached skill level 1 in Transmutations
   284 | D:1      | Reached XP level 2. HP: 12/15 MP: 5/5
   776 | D:1      | Reached skill level 4 in Earth Magic
   941 | D:2      | Reached skill level 1 in Armour
   941 | D:2      | Reached XP level 3. HP: 19/19 MP: 4/6
  1019 | D:2      | Noticed Terence
  1037 | D:2      | Mangled by Terence

Illustrated notes

Levels and vault maps discovered:
D:1:      dpeg_arrival_round_c, layout_basic,
          shapermc_ecumenical_altar_rom_forum, minivault_5
D:2:      layout_basic, minmay_hedge_maze, uniq_terence

Skill      XL: |  1  2 |
---------------+-------+-----
Transmutations | 1 |  1.3
Earth Magic    | 4 |  4.1
Armour         | 1 |  1.0
Dodging        | |  1.5
Stealth        | |  2.7
Spellcasting   | |  2.0

Action                   || total
-------------------------++-------
Melee: Unarmed           ||    16
       Club              ||    40
 Cast: Sandblast         ||    12
Armor: Leather armour    ||    34
       Robe              ||     4
Dodge: Dodged            ||    32
